 Dungeon Crawl Stone Soup version 0.31.0-11-ge490571c62 (webtiles) character file.

Game seed: 14755788774328660058

60 qw the Shooter (level 3, -5/20 HPs)
             Began as a Deep Elf Hunter on Feb 4, 2024.
             Slain by a gnoll
             ... wielding a +0 halberd
              (11 damage)
             ... on level 2 of the Dungeon.
             The game lasted 00:00:03 (842 turns).

qw the Shooter (Deep Elf Hunter)                     Turns: 842, Time: 00:00:03

Health: -5/20      AC:  5    Str: 10    XL:     3   Next: 80%
Magic:  5/5        EV: 11    Int: 13    God:
Gold:   23         SH:  0    Dex: 24    Spells: 2/2 levels left

rFire   . . .        a - +0 shortbow
rCold   . . .        (shield currently unavailable)
rNeg    . . .        h - +0 ring mail
rPois   .            (no helmet)
rElec   .            (no cloak)
rCorr   .            (no gloves)
SInv    .            (no boots)
Will    .....        (no amulet)
Stlth   ++           e - +6 ring of dexterity
HPRegen 0.23/turn    (no ring)
MPRegen 0.09/turn

%: no passive effects
@: no status effects
A: no striking features
a: no special abilities


You were on level 2 of the Dungeon.
You visited 1 branch of the dungeon, and saw 2 of its levels.

You collected 23 gold pieces.


   Skills:
 - Level 1.5 Fighting
 + Level 7.3 Ranged Weapons
 - Level 2.4 Dodging
 - Level 1.2 Stealth


You had 2 spell levels left.
You didn't know any spells.
Your spell library was empty.

Inventory:

Hand Weapons
 a - a +0 shortbow (weapon)
Armour
 h - a +0 ring mail (worn)
Jewellery
 d - a ring of fire
 e - a +6 ring of dexterity (left hand)
Scrolls
 f - a scroll of identify
Potions
 b - a potion of enlightenment {unknown}

Dungeon Overview and Level Annotations

Branches:
Dungeon (2/15)

Altars:

Shops:
D:1 [


Message History

You kill the adder!
A malevolent force fills the Dungeon... and a teleportation trap spontaneously manifests!
You are yanked towards some nearby monsters!
Your surroundings suddenly seem different.
A ball python and a gnoll come into view.
A rat comes into view.
You shoot an arrow. The ball python hisses angrily.
The gnoll shouts!
The rat squeaks loudly.
The arrow hits the ball python.
The ball python is heavily wounded.
You hear a shout!
A gnoll comes into view. It is wielding a +0 spear.
You shoot an arrow.
The arrow hits the ball python but does no damage.
The ball python is heavily wounded.
You shoot an arrow.
The arrow barely misses the ball python.
The arrow closely misses the rat.
The ball python bites you. The ball python grabs you.
The ball python constricts you.
The ball python bites you but does no damage.
The ball python constricts you.
You shoot an arrow. The arrow hits the ball python!
You kill the ball python!
The gnoll barely misses you.
The gnoll hits you from afar with a +0 halberd!
Ouch! That really hurt!
A gnoll comes into view. It is wielding a +0 club.
You shoot an arrow. The arrow barely misses the gnoll.
The arrow hits the gnoll!
The gnoll is heavily wounded.
An orc comes into view. It is wielding a +0 flail.
The gnoll closely misses you.
You shoot an arrow. The arrow completely misses the rat.
The arrow barely misses the gnoll. x2
The gnoll closely misses you. x2; The rat bites you but does no damage.
You shoot an arrow. The arrow hits the rat.
You kill the rat!
The gnoll hits you from afar with a +0 halberd!
Ouch! That really hurt!
You die...

## .. #.#
##. .#
#.# #..
.# ###.#
#.# .# #
#...# #.#
.##.#
#...###.#
....#
#...##...
##..#
#...##.#.
#@..#
#......#.
#..##
#.....##.
gg.#
##....##.
#...#
##......
#.g.#
#...##.
'.o.+
###....
#...#
##%...
#...#
#<..##
#>.####


You could see 3 gnolls and an orc.

Vanquished Creatures
  4 adders
  An endoplasm (D:1)
  A giant cockroach (D:1)
  2 goblins (D:1)
  5 hobgoblins (D:1)
  2 kobolds (D:1)
  3 ball pythons
  2 bats (D:1)
  7 rats
27 creatures vanquished.

Notes
Turn   | Place    | Note
-------+----------+-------------------------------------------
     0 | D:1      | qw the Deep Elf Hunter began the quest for the Orb.
     0 | D:1      | Reached XP level 1. HP: 12/12 MP: 3/3
     0 | D:1      | 0 ||| qw: Version: 0.3-a-160-g6735b56
     0 | D:1      | 0 ||| qw: Game counter: 4755
     0 | D:1      | 0 ||| qw: Melee chars always use a shield: true
     0 | D:1      | 0 ||| qw: God list: Okawaru
     0 | D:1      | 0 ||| qw: Allow faded altars: false
     0 | D:1      | 0 ||| qw: Do Orc after clearing Dungeon:15 true
     0 | D:1      | 0 ||| qw: Do second Lair branch before Depths: true
     0 | D:1      | 0 ||| qw: Lair rune preference: random
     0 | D:1      | 0 ||| qw: Goals: Normal
     0 | D:1      | 0 ||| PLANNING D:1-11
   244 | D:1      | Reached XP level 2. HP: 15/16 MP: 4/4
   261 | D:1      | Found a faded altar of an unknown god.
   344 | D:1      | Reached skill level 6 in Ranged Weapons
   447 | D:1      | Found Eriuwot's Antique Armour Boutique.
   455 | D:1      | 455 ||| SHOPLISTING glowing cloak (195 gold, have 0).
   649 | D:1      | 649 ||| UPGRADING to +0 ring mail.
   659 | D:1      | 659 ||| DROPPING +0 leather armour.
   660 | D:1      | 660 ||| UPGRADING to +6 ring of dexterity.
   661 | D:1      | 661 ||| READING 2 scrolls labelled ADEOSO IMISK.
   661 | D:1      | 661 ||| IDENTIFYING sedimented white potion
   662 | D:1      | 662 ||| DROPPING scroll of butterflies.
   663 | D:1      | 663 ||| DROPPING potion of berserk rage.
   708 | D:2      | 708 ||| STAIRDANCE
   718 | D:1      | Reached XP level 3. HP: 15/20 MP: 5/5
   808 | D:2      | Reached skill level 7 in Ranged Weapons
   839 | D:2      | HP: 5/20 [gnoll/+0 halberd (12)]
   842 | D:2      | Slain by a gnoll

Levels and vault maps discovered:
D:1:      dpeg_cavernosity, layout_basic, serial_shops,
          nicolae_shop_pleasant_corner_grove,
          hellmonk_ecumenical_altar_crossroads
D:2:      kennysheep_six_static_rooms, layout_rooms, st_stairs_11

Skill      XL: |  1  2  3 |
---------------+----------+-----
Ranged Weapons | 6 7 |  7.3
Fighting       | |  1.5
Dodging        | |  2.4
Stealth        | |  1.2

Action                     || total
---------------------------++-------
   Fire: Shortbow          ||    80
    Use: Scroll            ||     1
 Armour: Leather armour    ||     6
         Ring mail         ||    15
  Dodge: Dodged            ||    25

Table legend:
 A = Non-vault XP
 B = Vault XP
 C = Vault XP percentage of total XP
 D = Non-vault monster count
 E = Vault monster count
 F = Vault count percentage of total count
                 A         B        C        D         E       F
            +---------+---------+-------+---------+---------+-------
      Total |      65 |      22 |  25.3 |      20 |       7 |  25.9
            +---------+---------+-------+---------+---------+-------
        D:1 |      34 |       7 |  17.1 |      14 |       4 |  22.2
        D:2 |      31 |      15 |  32.6 |       6 |       3 |  33.3
            +---------+---------+-------+---------+---------+-------
